Description

PartinG blink into disruptors PvT

Build Order

Get SALT Encoding   

  14  0:18  Pylon  @100% chrono probes
  16  0:37  Gateway  scout
  17  0:46  Assimilator  rally in
  20  1:25  Cybernetics Core  
  20  1:38  Nexus  
  20  1:40  Pylon  @ natural
  21  1:47  Assimilator  
  22  2:01  Warp Gate  
  22  2:02  Adept (Chrono Boost)  
  26  2:20  Stalker (Chrono Boost)  
  29  2:34  Twilight Council  
  29  2:40  Stalker  
  32  2:55  Shield Battery  
  36  3:09  Stalker  
  38  3:18  Blink (Chrono Boost)  
  41  3:52  Robotics Facility  
  41  3:58  Gateway x2  
  45  4:18  Assimilator x2  
  50  4:48  Observer  
  57  5:18  Forge  
  62  6:03  Protoss Ground Weapons Level 1, Robotics Bay  
  62  6:05  Warp Prism (Chrono Boost)  
  64  6:06  Nexus  
Spawning Tool Build Advisor. Get it on Overwolf

Go to:

Details

  • Created by: carlosthesloth
  • Published on: Aug 20, 2018
  • Modified on: Aug 20, 2018
  • Patch: 4.0.0
Show
View Real Time Build Order
Export as new Build Order

Comments (0)

There are no comments. Be the first!

Create an account to comment!